Map: Data-C

Players

othin - Winner!

  • Race: Protoss Protoss
  • League: Bronze
  • Spawn Location: 3:00

AssReaper

  • Race: Protoss Protoss
  • League: Silver
  • Spawn Location: 9:00

VOD

Have the link to the VOD?

Description

Time

  • Played on: Aug. 22, 2022, 9:48 a.m.
  • Length: 9:54
Show
View Real Time Build Order
Export as new Build Order

othin Protoss - Winner!

Build Orders:  

Get SALT Encoding   

  12  0:00  Probe  
  13  0:12  Probe  
  14  0:20  Pylon  
  14  0:24  Probe  
  15  0:39  Probe, Gateway  
  16  0:52  Probe  
  17  0:57  Gateway  
  17  1:03  Assimilator  
  17  1:04  Probe  
  18  1:12  Pylon  
  18  1:32  Probe, Cybernetics Core  
  19  1:41  Assimilator  
  19  1:48  Probe  
  20  2:07  Probe, Nexus  
  21  2:18  Stalker (Chrono Boost)  
  23  2:26  Stalker (Chrono Boost)  
  25  2:43  Warp Gate  
  25  2:44  Probe  
  26  2:52  Stalker  
  26  2:56  Probe  
  26  2:57  Stalker  
  31  3:12  Forge  
  31  3:19  Probe  
  32  3:23  Shield Battery  
  32  3:30  Pylon  
  32  3:35  Probe  
  32  3:38  Probe  
  34  3:50  Stalker  
  34  3:54  Sentry  
  38  3:58  Probe  
  38  3:59  Probe  
  40  4:14  Twilight Council  
  40  4:16  Probe  
  41  4:18  Pylon  
  41  4:19  Probe  
  42  4:39  Probe  
  42  4:40  Probe  
  42  4:45  Robotics Facility, Stalker  
  44  4:46  Stalker  
  44  5:15  Stalker x2  
  43  5:28  Gateway  
  40  5:31  Gateway  
  40  5:34  Observer (Chrono Boost)  
  40  5:49  Immortal (Chrono Boost)  
  36  6:04  Blink (Chrono Boost)  
  36  6:11  Pylon  
  36  6:13  Pylon  
  36  6:21  Nexus  
  36  6:29  Probe, Immortal (Chrono Boost)  
  41  6:46  Probe  
  42  6:54  Stalker x2  
  46  7:12  Probe  
  47  7:28  Dark Shrine  
  47  7:29  Pylon  
  47  7:30  Pylon  
  46  7:53  Stalker x2  
  46  7:56  Immortal  
  54  8:04  Probe x2  
  56  8:20  Stalker x2  
  60  8:31  Pylon  
  60  8:44  Gateway  
  60  8:46  Dark Templar x2  
  64  8:50  Probe  
  64  8:51  Probe  
  66  9:05  Immortal  
  66  9:07  Probe  
  71  9:11  Probe  
  72  9:47  Assimilator  
  72  9:51  Assimilator  
Show
View Real Time Build Order
Export as new Build Order

AssReaper Protoss 

Build Orders: Dark Templar Rush 

Get SALT Encoding   

  12  0:01  Probe  
  13  0:13  Pylon  
  13  0:17  Probe  
  14  0:24  Assimilator  
  14  0:36  Gateway  
  14  0:40  Probe (Chrono Boost)  
  16  0:51  Probe (Chrono Boost)  
  16  0:55  Assimilator  
  16  0:56  Probe (Chrono Boost)  
  17  1:07  Probe (Chrono Boost)  
  18  1:13  Pylon  
  18  1:17  Probe (Chrono Boost)  
  19  1:27  Cybernetics Core  
  19  1:28  Probe  
  20  1:35  Zealot  
  22  1:46  Gateway  
  22  1:50  Probe  
  23  2:02  Probe  
  23  2:08  Twilight Council  
  24  2:14  Warp Gate (Chrono Boost)  
  24  2:16  Pylon  
  24  2:22  Sentry  
  26  2:35  Stalker  
  28  2:41  Probe  
  29  2:44  Dark Shrine  
  29  3:00  Gateway  
  29  3:06  Stalker  
  29  3:08  Sentry  
  33  3:23  Pylon  
  33  3:34  Stalker  
  33  3:36  Zealot  
  37  4:05  Dark Templar  
  39  4:11  Dark Templar  
  39  4:12  Zealot  
  43  4:18  Pylon  
  43  4:30  Nexus  
  43  4:42  Zealot  
  43  4:43  Zealot x2  
  45  5:31  Charge (Chrono Boost)  
  45  5:32  Probe (Chrono Boost)  
  46  5:42  Probe (Chrono Boost)  
  47  6:03  Probe (Chrono Boost)  
  49  6:06  Probe (Chrono Boost)  
  49  6:13  Assimilator  
  49  6:15  Probe (Chrono Boost)  
  49  6:16  Probe (Chrono Boost), Stargate  
  49  6:18  Assimilator  
  51  6:19  Stargate  
  51  6:23  Probe (Chrono Boost)  
  51  6:25  Probe (Chrono Boost)  
  53  6:31  Probe (Chrono Boost), Stalker x3  
  61  6:35  Probe (Chrono Boost)  
  61  6:37  Probe (Chrono Boost)  
  62  6:45  Probe x2 (Chrono Boost)  
  64  6:49  Pylon  
  64  6:52  Pylon  
  64  6:57  Probe (Chrono Boost)  
  70  7:02  Probe (Chrono Boost)  
  70  7:06  Probe (Chrono Boost)  
  75  7:10  Forge  
  75  7:12  Void Ray x2 (Chrono Boost)  
  75  7:18  Pylon  
  75  7:23  Probe  
  76  7:35  Probe, Blink  
  77  7:47  Probe, Protoss Air Weapons Level 1  
  78  7:58  Protoss Shields Level 1 (Chrono Boost)  
  78  7:59  Probe  
  78  8:04  Void Ray (Chrono Boost)  
  83  8:11  Probe  
  84  8:14  Pylon  
  84  8:20  Probe  
  84  8:24  Nexus  
  84  8:26  Assimilator  
  85  8:30  Probe  
  85  8:31  Assimilator  
  85  8:32  Probe  
  91  8:38  Void Ray  
  91  8:40  Pylon  
  91  8:42  Probe  
  91  8:43  Pylon  
  91  8:44  Probe  
  93  8:58  Gateway  
  93  8:59  Gateway  
  97  9:07  Shield Battery  
  97  9:10  Gateway  
  97  9:11  Void Ray (Chrono Boost)  
  97  9:21  Void Ray (Chrono Boost)  
  101  9:28  Zealot x3  
  107  9:39  Pylon  
  107  9:43  Pylon  
  107  9:44  Robotics Facility  
Tags
 
Matchup
PvP
Spawn Locations
Cross Positions
Add a new tag
Caveats
  • Supply blocks, unpowered buildings, or Contaminate may cause inaccurate times.
  • Supply counts are checked every 10 seconds.